 Dungeon Crawl Stone Soup version 0.30-a0-1035-g38d5fb2972 (webtiles) character file.

Game seed: 961829076287652658

66 mandarbmax the Gusty (level 4, -1/24 HPs)
             Began as a Tengu Air Elementalist on Apr 8, 2023.
             Slain by a goblin
             ... wielding a +0 club
             ... led by Robin
              (6 damage)
             ... on level 2 of the Dungeon.
             The game lasted 00:01:32 (919 turns).

mandarbmax the Gusty (Tengu Air Elementalist)        Turns: 919, Time: 00:01:36

Health: -1/24      AC:  2    Str:  8    XL:     4   Next: 15%
Magic:  4/9        EV: 12    Int: 17    God:
Gold:   74         SH:  0    Dex: 15    Spells: 6/9 levels left

rFire   . . .      SeeInvis .    c - +0 short sword
rCold   . . .      Faith    .    (no shield)
rNeg    . . .      Spirit   .    a - +0 robe
rPois   .          Reflect  .    (helmet restricted)
rElec   .          Rampage  .    (no cloak)
rCorr   .                        (no gloves)
Will    .....                    (boots unavailable)
Stlth   ++                       (no amulet)
HPRegen 0.24/turn                (no ring)
MPRegen 0.11/turn                (no ring)

@: no status effects
A: beak, talons 3
a: no special abilities


You were on level 2 of the Dungeon.
You visited 1 branch of the dungeon, and saw 2 of its levels.

You collected 74 gold pieces.

Inventory:

Hand Weapons
 c - a +0 short sword (weapon)
Armour
 a - a +0 robe (worn)
Scrolls
 g - a scroll of teleportation {unknown}
Potions
 b - a potion of magic
 e - 3 potions of brilliance {unknown}
 f - a potion of might {unknown}
 h - a potion of curing {unknown}
 i - a potion of attraction {unknown}


   Skills:
 + Level 2.4 Dodging
 - Level 2.0 Stealth
 + Level 3.0 Spellcasting
 + Level 3.2 Conjurations
 * Level 4.3 Air Magic


You had 6 spell levels left.
You knew the following spells:

 Your Spells              Type           Power      Damage    Failure   Level
a - Shock                 Conj/Air       60%        1d6       3%          1
b - Static Discharge      Conj/Air       30%        2-4/arc   5%          2

Your spell library contained the following spells:

 Spells                   Type           Power      Damage    Failure   Level
 Swiftness                Air            17%        N/A       9%          3
 Airstrike                Air            8%         2d(2-18)  28%         4


Dungeon Overview and Level Annotations

Branches:
Dungeon (2/15)

Altars:

Annotations:
D:2 Robin


Innate Abilities, Weirdness & Mutations

You have a beak for a mouth.
You have claws for feet.


Message History

A goblin comes into view. It is wielding a +0 club.
A hobgoblin comes into view.
The goblin hits you with a +0 club. Robin throws the goblin at you!
The goblin shouts!
You hear a shout!
The goblin hits you with a +0 dagger.
Robin roars a battlecry!
The goblins go into a battle-frenzy!
Casting: Shock (safe; 3% risk of failure)
Confirm with . or Enter, or press ? or * to list all spells.
Okay, then.
Casting: Shock (safe; 3% risk of failure)
Confirm with . or Enter, or press ? or * to list all spells.
The goblin is struck by an arc of lightning.
The goblin is heavily wounded.
The goblin is struck by an arc of lightning.
You kill the goblin!
The hobgoblin is struck by an arc of lightning.
You kill the hobgoblin!
The lightning grounds out.
The goblin is struck by an arc of lightning.
You kill the goblin!
You are struck by an arc of lightning.
The lightning grounds out.
The goblin hits you with a +0 dagger.
Unknown command.
Casting: Static Discharge (safe; 5% risk of failure)
Confirm with . or Enter, or press ? or * to list all spells.
The goblin is struck by an arc of lightning.
You kill the goblin!
You are struck by an arc of lightning.
The lightning grounds out.
The goblin hits you with a +0 club.
* * * LOW HITPOINT WARNING * * *
Unknown command.
The air fills with toxic fumes!
As you read the scroll labelled BUNEBB RIZOP, it crumbles to dust.
It was a scroll of poison.
The adder hisses angrily.
You hear a shout!
A goblin comes into view. It is wielding a +0 dagger.
The goblin hits you with a +0 club.
You die...

##### ### ..#
#.####### #.......#
########.#
#######.#####.§§§§...#
# #........§§#### #
#.#.###.##g#
#######...# #.##@#
>........## #.##§#
########.# #.##g# #.#
#.##g# #.# #<##g§ #.#
#.##§§ #.# #§§ #.#
#§§g #.#


You could see Robin, a hobgoblin (strong) and 3 goblins.

Vanquished Creatures
  A jelly (D:2)
  An adder (D:2)
  A dart slug (D:1)
  An endoplasm (D:1)
  A giant cockroach (D:1)
  5 goblins
  5 hobgoblins
  A quokka (D:2)
  A ball python (D:1)
  2 bats (D:1)
  3 kobolds (D:1)
  2 rats
24 creatures vanquished.

Notes
Turn   | Place    | Note
-------+----------+-------------------------------------------
     0 | D:1      | mandarbmax the Tengu Air Elementalist began the quest for
                  | the Orb.
     0 | D:1      | Reached XP level 1. HP: 10/10 MP: 4/4
   185 | D:1      | Reached XP level 2. HP: 15/15 MP: 4/6
   476 | D:1      | Learned a level 2 spell: Static Discharge
   725 | D:2      | Reached XP level 3. HP: 19/19 MP: 0/8
   838 | D:2      | Reached XP level 4. HP: 24/24 MP: 5/9
   913 | D:2      | Identified the +2 helmet of Dithmenos's Hatred {*Slow
                  | +Blink Str+2 Int+5}
   913 | D:2      | Noticed Robin
   919 | D:2      | Slain by a goblin

Illustrated notes

Levels and vault maps discovered:
D:1:      lightli_arrival_flooded_house, layout_basic
D:2:      layout_loops_ring, hellmonk_ecumenical_altar_prayer_group, uniq_robin

Skill      XL: |  1  2 |
---------------+-------+-----
Conjurations   | 2 3 |  3.2
Spellcasting   | 3 |  3.0
Dodging        | |  2.4
Stealth        | |  2.0
Air Magic      | |  4.3

Action                     |  1- 3 |  4- 6 || total
---------------------------+-------+-------++-------
  Melee: Unarmed           |     2 |       ||     2
         Peck              |     1 |       ||     1
         Short sword       |     1 |       ||     1
         Kick              |     1 |       ||     1
   Cast: Shock             |    40 |     1 ||    41
         Static Discharge  |       |     2 ||     2
    Use: Scroll            |       |     1 ||     1
   Stab: Sleeping          |     1 |       ||     1
 Armour: Robe              |     1 |       ||     1
  Dodge: Dodged            |     5 |       ||     5

Table legend: (Time is in decaauts)
 A = Elapsed time spent in this place.
 B = Non-inter-level travel time spent in this place.
 C = Inter-level travel time spent in this place.
 D = Time resting spent in this place.
 E = Time spent auto-exploring this place.
 F = Levels seen in this place.
 G = Mean time per level.
                   A        B        C        D        E       F      G
               +--------+--------+--------+--------+--------+-----+--------+
         Total |    918 |    908 |     10 |      0 |    810 |   2 |  459.0 |
       Dungeon |    918 |    908 |     10 |      0 |    810 |   2 |  459.0 |
               +--------+--------+--------+--------+--------+-----+--------+

Top non-repeatable levels by time:
     D:1: 575 daAuts
     D:2: 343 daAuts
